 Dungeon Crawl Stone Soup version 0.28.0-43-g3370ac3207 (webtiles) character file.

Game seed: 12623854150153260748

167 issech the Cudgeller (level 5, -4/53 HPs)
             Began as a Troll Monk on Mar 29, 2022.
             Slain by an orc priest
             ... wielding a +0 falchion
              (5 damage)
             ... on level 3 of the Dungeon.
             The game lasted 00:06:19 (1554 turns).

issech the Cudgeller (Troll Monk)                   Turns: 1554, Time: 00:06:19

Health: -4/53      AC:  4    Str: 19    XL:     5   Next: 23%
Magic:  4/4        EV: 10    Int:  6    God:
Gold:   50         SH:  0    Dex: 14    Spells: 4/4 levels left

rFire   . . .      SeeInvis .   a - +1 mace
rCold   . . .      Faith    .   (no shield)
rNeg    . . .      Spirit   .   b - +0 robe
rPois   .          Reflect  .   (helmet restricted)
rElec   .          Harm     .   (no cloak)
rCorr   .          Rampage  .   (gloves unavailable)
Will    .....                   (boots unavailable)
Stlth   ++........              (no amulet)
HPRegen 0.97/turn               (no ring)
MPRegen 0.09/turn               (no ring)

@: no status effects
A: large, unfitting armour, claws 3, regeneration 1, shaggy fur 1, tough skin 1
a: no special abilities


You were on level 3 of the Dungeon.
You visited 1 branch of the dungeon, and saw 3 of its levels.

You collected 50 gold pieces.

Inventory:

Hand Weapons
 a - a +1 mace (weapon)
Missiles
 e - 46 sling bullets
 g - 63 stones (quivered)
 k - 37 bolts
 m - 12 poisoned darts
Armour
 b - a +0 robe (worn)
Scrolls
 d - a scroll of blinking {unknown}
 f - a scroll of torment {unknown}
 j - 3 scrolls of identify {unknown}
 l - a scroll of enchant armour {unknown}
 n - a scroll of vulnerability {unknown}
Potions
 c - a potion of berserk rage {unknown}
 h - a potion of brilliance {unknown}
 i - a potion of curing {unknown}


   Skills:
 + Level 3.1 Fighting
 + Level 4.3 Maces & Flails
 + Level 3.1 Dodging
 + Level 1.1 Stealth


You had 4 spell levels left.
You didn't know any spells.
Your spell library was empty.

Dungeon Overview and Level Annotations

Branches:
Dungeon (3/15)

Altars:
Xom
Yredelemnul
Zin


Innate Abilities, Weirdness & Mutations

You are too large for most types of armour.
You have claws for hands.
Your natural rate of healing is unusually fast.
You are covered in fur. (AC +1)
You have tough skin. (AC +1)


Message History

The adder poisons you!
You feel sick.
You closely miss the adder.
The adder is almost dead.
You feel sick. The adder bites you.
You are more poisoned.
The adder poisons you! The adder bites you.
You hit the adder.
You kill the adder!
You feel sick.
You hit the orc priest but do no damage.
You feel sick.
The orc priest hits you with a +0 falchion.
You hit the orc priest.
The orc priest is lightly wounded.
You feel sick.
The orc priest casts a cantrip, but nothing happens.
You hit the orc priest.
The orc priest is heavily wounded.
You feel sick.
The orc priest hits you with a +0 falchion.
You hit the orc priest.
The orc priest is almost dead.
You feel sick.
The orc priest looks braver for a moment.
You barely miss the orc priest.
The orc priest is almost dead.
You feel sick.
You are no longer poisoned.
The orc priest hits you with a +0 falchion.
You sock the orc!
You kill the orc!
The orc priest mumbles some strange prayers to Beogh against you.
Beogh smites you!
* * * LOW HITPOINT WARNING * * *
The orc priest calls down the wrath of Beogh upon you.
Beogh smites you!
* * * LOW HITPOINT WARNING * * *
The orc priest hits you with a +0 falchion.
You die...

#.### #.# #.# #### #.# #..
#.# ##.#### #.# #.....#
####.# #.....# #....#
#####.....## #.####
#oo@.......## #.#
......oo####..†...########
##.# .......##
#..........>... .#.#
....... ######.#######.
...# ......$ #.# ## ...#
......( #####.# ...#
#####.. ...#.######## ...#
### ###.#......... ...#
#####.............


You could see 2 orc priests, an orc wizard and an orc.

Vanquished Creatures
  A scorpion (D:3)
  2 adders
  A worm (D:2)
  4 dart slugs
  An orc (D:3)
  7 endoplasms
  4 giant cockroaches
  8 goblins
  11 hobgoblins
  5 jackals (D:2)
  5 kobolds
  A quokka (D:3)
  6 ball pythons
  7 bats
  2 frilled lizards
  7 rats
72 creatures vanquished.

Vanquished Creatures (others)
  6 plants (D:1)
6 creatures vanquished.

Grand Total: 78 creatures vanquished

Notes
Turn   | Place    | Note
-------+----------+-------------------------------------------
     0 | D:1      | issech the Troll Monk began the quest for the Orb.
     0 | D:1      | Reached XP level 1. HP: 22/22 MP: 0/0
    94 | D:1      | Reached XP level 2. HP: 29/29 MP: 1/1
   134 | D:1      | Reached skill level 3 in Maces & Flails
   207 | D:1      | Found a faded altar of an unknown god.
   327 | D:1      | Reached XP level 3. HP: 36/36 MP: 2/2
   898 | D:2      | Reached XP level 4. HP: 44/44 MP: 3/3
  1245 | D:3      | Found a glowing silver altar of Zin.
  1245 | D:3      | Found a shimmering altar of Xom.
  1351 | D:3      | Found a basalt altar of Yredelemnul.
  1355 | D:3      | Noticed a scorpion
  1365 | D:3      | Killed a scorpion
  1366 | D:3      | Reached skill level 4 in Maces & Flails
  1366 | D:3      | Reached XP level 5. HP: 44/53 MP: 4/4
  1554 | D:3      | HP: 1/53 [orc priest/divine providence (14)]
  1554 | D:3      | Slain by an orc priest

Illustrated notes

Levels and vault maps discovered:
D:1:      eino_arrival_cavern_c, layout_basic,
          hellmonk_ecumenical_altar_crossroads, serial_bayou_pond_b,
          serial_bayou_pond_d, chequers_serial_rivers_small_3
D:2:      layout_rooms
D:3:      layout_rooms, grunt_temple_overflow_open

Skill      XL: |  1  2  3  4 |
---------------+-------------+-----
Maces & Flails | 3 4 |  4.3
Fighting       | 3 |  3.1
Dodging        | 3 |  3.1
Stealth        | |  1.1

Action                   |  1- 3 |  4- 6 || total
-------------------------+-------+-------++-------
Melee: Mace              |   159 |    73 ||   232
       Punch             |     1 |     1 ||     2
  Use: Scroll            |     1 |       ||     1
Armor: Robe              |    80 |    34 ||   114
Dodge: Dodged            |    99 |    47 ||   146
